 Dungeon Crawl Stone Soup version 0.29-a0-92-gee772dd00f (webtiles) character file.

Game seed: 2784668023103472384

36 cyrus the Skirmisher (level 3, 0/29 HPs)
             Began as a Merfolk Fighter on Feb 10, 2022.
             Slain by Terence (6 damage)
             ... on level 2 of the Dungeon.
             The game lasted 00:03:06 (1326 turns).

cyrus the Skirmisher (Merfolk Fighter)              Turns: 1326, Time: 00:03:08

Health: 0/29       AC:  6    Str: 20    XL:     3   Next: 37%
Magic:  0/3        EV:  9    Int:  7    God:
Gold:   29         SH:  5    Dex: 15    Spells: 2/2 levels left

rFire   . . .      SeeInvis .   a - +0 long sword
rCold   . . .      Faith    .   c - +0 buckler
rNeg    . . .      Spirit   +   b - +0 scale mail
rPois   .          Reflect  .   (no helmet)
rElec   +          Harm     .   (no cloak)
rCorr   .          Rampage  .   (no gloves)
Will    .....                   (no boots)
Stlth   ..........              d - amulet "Mytaraf" {Spirit rElec Str+4}
HPRegen 0.09/turn               (no ring)
MPRegen 0.08/turn               (no ring)

@: no status effects
A: (nimble swimmer 2), mertail
a: no special abilities


You were on level 2 of the Dungeon.
You visited 1 branch of the dungeon, and saw 2 of its levels.

You collected 29 gold pieces.

Inventory:

Hand Weapons
 a - a +0 long sword (weapon)
Armour
 b - a +0 scale mail (worn)
 c - a +0 buckler (worn)
Jewellery
 d - the amulet "Mytaraf" (around neck) {Spirit rElec Str+4}
   (You found it on level 2 of the Dungeon)

   [amulet of guardian spirit]

   It causes incoming damage to be divided between your reserves of health and
   magic.
   Str:       It affects your strength (+4).
   rElec:     It insulates you from electricity.
 h - an amulet of guardian spirit
Scrolls
 e - a scroll of acquirement {unknown}
Potions
 f - 2 potions of attraction {unknown}
 g - a potion of curing {unknown}


   Skills:
 + Level 3.6 Fighting
 + Level 2.6 Long Blades
 + Level 2.5 Armour
 + Level 0.1 Dodging
 + Level 3.4 Shields


You had 2 spell levels left.
You didn't know any spells.
Your spell library was empty.

Dungeon Overview and Level Annotations

Branches:
Dungeon (2/15)

Altars:

Annotations:
D:2 Terence


Innate Abilities, Weirdness & Mutations

((You are very nimble when in or above water. (Stealth+, EV+, Speed+++)))
Your lower body shifts to a powerful aquatic tail in water.


Message History

Terence hits you but does no damage.
You hit Terence.
Terence is moderately wounded.
Terence hits you with a +0 short sword.
The frilled lizard bites you but does no damage.
Terence hits you but does no damage. The frilled lizard barely misses you.
You hit Terence but do no damage.
Terence is moderately wounded.
Terence hits you with a +0 short sword. The frilled lizard barely misses you.
You closely miss Terence.
Terence is moderately wounded.
Terence says, "How do you enjoy it?" Terence barely misses you.
The frilled lizard bites you but does no damage.
You hit Terence but do no damage.
Terence is moderately wounded.
Terence completely misses you. The frilled lizard closely misses you.
Terence hits you with a +0 short sword.
The frilled lizard bites you but does no damage.
You barely miss Terence.
Terence is moderately wounded.
You block Terence's attack.
The frilled lizard bites you but does no damage.
You block the goblin's attack.
You hit Terence.
Terence is heavily wounded.
You block Terence's attack.
The frilled lizard bites you but does no damage.
The goblin hits you but does no damage.
You barely miss Terence.
Terence is heavily wounded.
You block Terence's attack. The frilled lizard closely misses you.
You block the goblin's attack. Terence hits you but does no damage.
You hit Terence.
Terence is severely wounded.
The frilled lizard barely misses you.
The goblin hits you with a +0 short sword.
* * * LOW HITPOINT WARNING * * *
Terence hits you with a +0 short sword!
You die...

.#.###.#.###.
...... ..........
..# ......
#.###.#.. .. ......
#.#(#.#.# #.##.....
#.###.#.# ..#...
........#####.#.##
!#.###.#.)...)....#
......l@.....))...#
.#....g@..........#
##......#####...##
#......# ##..#
#......# #..#
#......# #..#
#......# #####.####
#....... #........#
##...... #........#
#....>...#


You could see Terence, a goblin and a frilled lizard.

Vanquished Creatures
  2 endoplasms (D:1)
  6 goblins
  3 hobgoblins (D:1)
  3 jackals (D:2)
  A quokka (D:1)
  5 ball pythons
  3 bats (D:1)
  2 frilled lizards
  5 kobolds
  3 rats
33 creatures vanquished.

Notes
Turn   | Place    | Note
-------+----------+-------------------------------------------
     0 | D:1      | cyrus the Merfolk Fighter began the quest for the Orb.
     0 | D:1      | Reached XP level 1. HP: 18/18 MP: 1/1
   175 | D:1      | Reached XP level 2. HP: 19/24 MP: 2/2
   894 | D:2      | Reached XP level 3. HP: 11/29 MP: 3/3
   902 | D:2      | Identified the amulet "Mytaraf" {Spirit rElec Str+4}
  1308 | D:2      | Noticed Terence
  1326 | D:2      | Slain by Terence

Illustrated notes

Levels and vault maps discovered:
D:1:      nicolae_arrival_memento_mori, layout_rooms
D:2:      layout_basic, minmay_surrounded, uniq_robin, uniq_terence

Action                   || total
-------------------------++-------
Melee: Long sword        ||   102
  Use: Potion            ||     1
Armor: Scale mail        ||   104
Dodge: Dodged            ||    96
Block: Buckler           ||    53

Table legend: (Time is in decaauts)
 A = Elapsed time spent in this place.
 B = Non-inter-level travel time spent in this place.
 C = Inter-level travel time spent in this place.
 D = Time resting spent in this place.
 E = Time spent auto-exploring this place.
 F = Levels seen in this place.
 G = Mean time per level.
                   A        B        C        D        E       F      G
               +--------+--------+--------+--------+--------+-----+--------+
         Total |   1358 |   1358 |      0 |    320 |    688 |   2 |  679.0 |
       Dungeon |   1358 |   1358 |      0 |    320 |    688 |   2 |  679.0 |
               +--------+--------+--------+--------+--------+-----+--------+

Top non-repeatable levels by time:
     D:1: 871 daAuts
     D:2: 487 daAuts
